Workbook
Name Print_Titles: 'BOLETIM DE MEDIÇÃO'!$1:$10
Name acumulado: #REF!
Name Aq_ASF: #REF!
Name Cabecalho: #REF!
Name Carga_SO: #REF!
Name edital: #REF!
Name extensao: #REF!
Name firma1: #REF!
Name firma2: #REF!
Name HM: #REF!
Name I: #REF!
Name lote: #REF!
Name mes: #REF!
Name resumo2: #REF!
Name rodovia: #REF!
Name SD: #REF!
Name SINALIZAÇÃO: #REF!
Name SO: #REF!
Name SP: #REF!
Name ST: #REF!
Name ST_HM: #REF!
Name ST_SO: #REF!
Name ST_SP: #REF!
Name ST_ST: #REF!
Name Sub_GERAL: #REF!
Name subtrecho: #REF!
Name TABELA_SD: #REF!
Name TABELA_SO: #REF!
Name TABELA_SP: #REF!
Name TABELA_ST: #REF!
Name Transporte_ASF: #REF!
Name Transporte_da_folha_anterior: #REF!
Name transporte_massa: #REF!
Name Transporte_SO: #REF!
Name Transporte_SP: #REF!
Name Transportr_ST: #REF!
Name trecho: #REF!
Name acumulado: #REF!
Name Aq_ASF: #REF!
Name Cabecalho: #REF!
Name Carga_SO: #REF!
Name edital: #REF!
Name extensao: #REF!
Name firma1: #REF!
Name firma2: #REF!
Name HM: #REF!
Name I: #REF!
Name lote: #REF!
Name mes: #REF!
Name resumo2: #REF!
Name rodovia: #REF!
Name SD: #REF!
Name SINALIZAÇÃO: #REF!
Name SO: #REF!
Name SP: #REF!
Name ST: #REF!
Name ST_HM: #REF!
Name ST_SO: #REF!
Name ST_SP: #REF!
Name ST_ST: #REF!

Sheet RESUMO
A2: NOVATEC Construções e Empeendimentos Ltda. Rua José de Alencar, nº 916 sala 703 Ilha do Leite Recife-PE CNPJ : 00.338.885/0001-33
A5: Objeto: Execução das obras e serviços de terraplenagem, drenagem e pavimentação de vias de acesso ao Distrito Industrial do Município de São Cristóvão/SE, sob o regime de empreitada por preço unitário.
A6: Local: | B6: Município de São Cristóvão/ SE | C6: Período: | D6: ='BOLETIM DE MEDIÇÃO'!G8 -> 10/08/2026 a31/08/2026
A7: Contrato: | B7: CT 076/2023
A8: Ordem de serviço: 15/10/2024 | C8: BM: | D8: ='BOLETIM DE MEDIÇÃO'!G7 -> 14
A10: PLANILHA RESUMO
A11: Entidade: | B11: Prefeitura Municipal de São Cristóvão
A12: Edital: | B12: Concorrência Nº 002/2023
A13: ITEM | B13: DESCRIÇÃO | C13: CONTRATADO | D13: ACUM. ANTERIOR | E13: MEDIDO MÊS | F13: ACUM. ATÉ PERÍODO | G13: SALDO | H13: (%) DO PERÍODO | I13: (%) ACUMULADO | J13: (%) À MEDIR
A14: 01 | B14: ADMINISTRAÇÃO DO EMPREENDIMENTO | C14: ='BOLETIM DE MEDIÇÃO'!L12 -> 199436.84 | D14: ='BOLETIM DE MEDIÇÃO'!M12 -> 118564.89 | E14: ='BOLETIM DE MEDIÇÃO'!N12 -> 17379.364 | F14: ='BOLETIM DE MEDIÇÃO'!O12 -> 135944.25 | G14: ='BOLETIM DE MEDIÇÃO'!P12 -> 63492.589 | H14: =E14/C14*100 -> 8.7142194 | I14: =F14/C14*100 -> 68.164062 | J14: =G14/C14*100 -> 31.835938 | K14: =C14-(F14+G14) -> 0
A15: 01.01 | B15: ADMINISTRAÇÃO LOCAL | C15: ='BOLETIM DE MEDIÇÃO'!L13 -> 197044.94 | D15: ='BOLETIM DE MEDIÇÃO'!M13 -> 117392.39 | E15: ='BOLETIM DE MEDIÇÃO'!N13 -> 17379.364 | F15: ='BOLETIM DE MEDIÇÃO'!O13 -> 134771.75 | G15: ='BOLETIM DE MEDIÇÃO'!P13 -> 62273.189 | H15: =E15/C15*100 -> 8.82 | I15: =F15/C15*100 -> 68.396453 | J15: =G15/C15*100 -> 31.603547 | K15: =C15-(F15+G15) -> 0
A16: 02 | B16: CANTEIRO DA OBRA | C16: ='BOLETIM DE MEDIÇÃO'!L19 -> 77907.398 | D16: ='BOLETIM DE MEDIÇÃO'!M19 -> 77907.405 | E16: ='BOLETIM DE MEDIÇÃO'!N19 -> 0 | F16: ='BOLETIM DE MEDIÇÃO'!O19 -> 77907.405 | G16: ='BOLETIM DE MEDIÇÃO'!P19 -> 0 | H16: =E16/C16*100 -> 0 | I16: =F16/C16*100 -> 100.00001 | J16: =G16/C16*100 -> 0
A17: 03.01 | B17: TERRAPLENAGEM | C17: ='BOLETIM DE MEDIÇÃO'!L42 -> 3298670 | D17: ='BOLETIM DE MEDIÇÃO'!M42 -> 2915573.6 | E17: ='BOLETIM DE MEDIÇÃO'!N42 -> 0 | F17: ='BOLETIM DE MEDIÇÃO'!O42 -> 2915573.6 | G17: ='BOLETIM DE MEDIÇÃO'!P42 -> 383096.36 | H17: =E17/C17*100 -> 0 | I17: =F17/C17*100 -> 88.386339 | J17: =G17/C17*100 -> 11.613662 | K17: =C17-(F17+G17) -> -0.0105
A18: 03.02 | B18: DRENAGEM PLUVIAL | C18: ='BOLETIM DE MEDIÇÃO'!L126 -> 148174.83 | D18: ='BOLETIM DE MEDIÇÃO'!M126 -> 82715.419 | E18: ='BOLETIM DE MEDIÇÃO'!N126 -> 0 | F18: ='BOLETIM DE MEDIÇÃO'!O126 -> 82715.419 | G18: ='BOLETIM DE MEDIÇÃO'!P126 -> 65459.408 | H18: =E18/C18*100 -> 0 | I18: =F18/C18*100 -> 55.822855 | J18: =G18/C18*100 -> 44.177145 | K18: =C18-(F18+G18) -> 0
A19: 04 | B19: PAVIMENTAÇÃO | C19: ='BOLETIM DE MEDIÇÃO'!L143 -> 1937333.2 | D19: ='BOLETIM DE MEDIÇÃO'!M143 -> 191379.85 | E19: ='BOLETIM DE MEDIÇÃO'!N143 -> 484375.61 | F19: ='BOLETIM DE MEDIÇÃO'!O143 -> 675755.45 | G19: ='BOLETIM DE MEDIÇÃO'!P143 -> 1261577.8 | H19: =E19/C19*100 -> 25.002184 | I19: =F19/C19*100 -> 34.880704 | J19: =G19/C19*100 -> 65.119296 | K19: =C19-(F19+G19) -> 0
A20: 05 | B20: SINALIZAÇÃO VIÁRIA | C20: ='BOLETIM DE MEDIÇÃO'!L176 -> 27634.15 | D20: ='BOLETIM DE MEDIÇÃO'!M176 -> 0 | E20: ='BOLETIM DE MEDIÇÃO'!N176 -> 0 | F20: ='BOLETIM DE MEDIÇÃO'!O176 -> 0 | G20: ='BOLETIM DE MEDIÇÃO'!P176 -> 27634.15 | H20: =E20/C20*100 -> 0 | I20: =F20/C20*100 -> 0 | J20: =G20/C20*100 -> 100 | K20: =C20-(F20+G20) -> 0
B21: TOTAL DO ORÇAMENTO | C21: =SUM(C14:C20)-C15 -> 5689156.4 | D21: =SUM(D14:D20)-D15 -> 3386141.2 | E21: =SUM(E14:E20)-E15 -> 501754.97 | F21: =SUM(F14:F20)-F15 -> 3887896.1 | G21: =SUM(G14:G20)-G15 -> 1801260.3 | H21: =E21/$C$21*100 -> 8.8194969 | I21: =F21/$C$21*100 -> 68.338711 | J21: =G21/$C$21*100 -> 31.661289

Sheet BOLETIM DE MEDIÇÃO
A2: NOVATEC Construções e Empeendimentos Ltda. Rua José de Alencar, nº 916 sala 703 Ilha do Leite Recife-PE CNPJ : 00.338.885/0001-33
A5: OBJETO: Execução das obras e serviços de terraplenagem, drenagem e pavimentação de vias do Distrito Industrial do Município de São Cristóvão/SE.
A6: BOLETIM DE MEDIÇÃO
A7: CONTRANTE: | B7: Prefeitura Municipal de São Cristóvão | F7: BM: | G7: 14
A8: CONTRATO: | B8: Nº 076/2023 | F8: PERÍODO: | G8: 10/08/2026 a31/08/2026
A9: ITEM | B9: CÓDIGO | C9: DESCRIÇÃO | D9: QUANTITATIVO | K9: PREÇO UNIT | L9: VALOR | Q9: PERC.
D10: UND | E10: QTD | F10: ACUM. ANTERIOR | G10: DO PERÍODO | H10: ACUM. TOTAL | I10: SALDO | J10: P UNIT S/ BDI | L10: CONTRATADO | M10: ACUM. ANTERIOR | N10: DO PERÍODO | O10: ACUM. ATÉ O PERÍODO | P10: SALDO | Q10: (%) ACUMULADO
L11: =L181 -> 5689156.4 | M11: =M181 -> 3386141.2 | N11: =N181 -> 501754.97 | O11: =O181 -> 3887896.1 | P11: =P181 -> 1801260.3 | Q11: =O11/$L$181 -> 0.68338711
A12: 01 | C12: ADMINISTRAÇÃO DO EMPREENDIMENTO | L12: =L13+L17 -> 199436.84 | M12: =M13+M17 -> 118564.89 | N12: =N13+N17 -> 17379.364 | O12: =O13+O17 -> 135944.25 | P12: =P13+P17 -> 63492.589 | Q12: =O12/$L$181 -> 0.023895327
A13: 01.01 | C13: ADMINISTRAÇÃO LOCAL | L13: =SUM(L14:L16) -> 197044.94 | M13: =SUM(M14:M16) -> 117392.39 | N13: =SUM(N14:N16) -> 17379.364 | O13: =SUM(O14:O16) -> 134771.75 | P13: =SUM(P14:P16) -> 62273.189 | Q13: =O13/$L$181 -> 0.023689233
A14: 01.01.01 | B14: EQDIR | C14: Equipe Dirigente | D14: UN | E14: 1 | F14: 0.59576453 | G14: 0.0882 | H14: =F14+G14 -> 0.68396453 | I14: =E14-H14 -> 0.31603547 | J14: 156196.76 | K14: =TRUNC(J14*1.2211,2) -> 190731.86 | L14: =TRUNC(E14*K14,2) -> 190731.86 | M14: =F14*K14 -> 113631.28 | N14: =G14*K14 -> 16822.55 | O14: =H14*K14 -> 130453.83 | P14: =L14-O14 -> 60278.032 | Q14: =O14/$L$181 -> 0.022930259
A15: 01.01.02 | B15: MACANT | C15: Manutenção do Canteiro | D15: UN | E15: 1 | F15: 0.59576453 | G15: 0.0882 | H15: =F15+G15 -> 0.68396453 | I15: =E15-H15 -> 0.31603547 | J15: 2920 | K15: =TRUNC(J15*1.2211,2) -> 3565.61 | L15: =TRUNC(E15*K15,2) -> 3565.61 | M15: =F15*K15 -> 2124.264 | N15: =G15*K15 -> 314.4868 | O15: =H15*K15 -> 2438.7508 | P15: =L15-O15 -> 1126.8592 | Q15: =O15/$L$181 -> 0.00042866651
A16: 01.01.03 | B16: EQUIAP | C16: Equipamentos de Apoio à Produção | D16: UN | E16: 1 | F16: 0.59576453 | G16: 0.0882 | H16: =F16+G16 -> 0.68396453 | I16: =E16-H16 -> 0.31603547 | J16: 2250 | K16: =TRUNC(J16*1.2211,2) -> 2747.47 | L16: =TRUNC(E16*K16,2) -> 2747.47 | M16: =F16*K16 -> 1636.8452 | N16: =G16*K16 -> 242.32685 | O16: =H16*K16 -> 1879.172 | P16: =L16-O16 -> 868.29796 | Q16: =O16/$L$181 -> 0.00033030768
A17: 01.02 | C17: MOBILIZAÇÃO E DESMOBILIZAÇÃO DE EQUIPAMENTOS | L17: =SUM(L18) -> 2391.9 | M17: =SUM(M18) -> 1172.5 | N17: =SUM(N18) -> 0 | O17: =SUM(O18) -> 1172.5 | P17: =SUM(P18) -> 1219.4 | Q17: =O17/$L$181 -> 0.00020609383
A18: 01.02.01 | B18: 10434/ORSE | C18: CAMINHÃO CARROCERIA DE MADEIRA 9 T - FONTE:DNIT | D18: H | E18: 51 | F18: 25 | H18: =F18+G18 -> 25 | I18: =E18-H18 -> 26 | J18: 38.41 | K18: =TRUNC(J18*1.2211,2) -> 46.9 | L18: =TRUNC(E18*K18,2) -> 2391.9 | M18: =F18*K18 -> 1172.5 | N18: =G18*K18 -> 0 | O18: =H18*K18 -> 1172.5 | P18: =L18-O18 -> 1219.4 | Q18: =O18/$L$181 -> 0.00020609383
A19: 02 | C19: CANTEIRO DA OBRA | L19: =L20+L23+L27+L30+L35 -> 77907.398 | M19: =M20+M23+M27+M30+M35 -> 77907.405 | N19: =N20+N23+N27+N30+N35 -> 0 | O19: =O20+O23+O27+O30+O35 -> 77907.405 | Q19: =O19/$L$181 -> 0.013694017
A20: 02.01 | C20: LIMPEZA DE TERRENO | L20: =SUM(L21:L22) -> 2113.6864 | M20: =SUM(M21:M22) -> 2113.6864 | N20: =SUM(N21:N22) -> 0 | O20: =SUM(O21:O22) -> 2113.6864 | Q20: =O20/$L$181 -> 0.00037152897
A21: 02.01.01 | B21: 00004/ORSE | C21: LIMPEZA MECANIZADA DO TERRENO C/ TRATOR ESTEIRA (VEGETAÇÃO RASTEIRA) INCLUSIVE CARGA E TRANSPORTE - DMT ATÉ 1 KM | D21: M2 | E21: 353.46 | F21: 353.46 | H21: =F21+G21 -> 353.46 | I21: =E21-H21 -> 0 | J21: 3.97 | K21: =TRUNC(J21*1.2211,2) -> 4.84 | L21: =E21*K21 -> 1710.7464 | M21: =L21 -> 1710.7464 | N21: =G21*K21 -> 0 | O21: =M21+N21 -> 1710.7464 | Q21: =O21/$L$181 -> 0.000300703
A22: 02.01.02 | B22: 02496/ORSE | C22: REGULARIZAÇÃO MECANIZADA DE ÁREAS | D22: M2 | E22: 353.46 | F22: 353.46 | H22: =F22+G22 -> 353.46 | I22: =E22-H22 -> 0 | J22: 0.94 | K22: =TRUNC(J22*1.2211,2) -> 1.14 | L22: =TRUNC(E22*K22,2) -> 402.94 | M22: =L22 -> 402.94 | N22: =G22*K22 -> 0 | O22: =M22+N22 -> 402.94 | Q22: =O22/$L$181 -> 7.0825967e-05
A23: 02.02 | C23: REVESTIMENTO PRIMÁRIO e=0,1 | L23: =SUM(L24:L26) -> 4043.9416 | M23: =SUM(M24:M26) -> 4043.9485 | N23: =SUM(N24:N26) -> 0 | O23: =SUM(O24:O26) -> 4043.9485 | Q23: =O23/$L$181 -> 0.0007108169
A24: 02.02.01 | B24: 11722/ORSE | C24: MATERIAL PARA SUB-BASE, CBR>20, ADQUIRIDO SOLTO NA JAZIDA, INCLUSIVE CARGA, EXCLUSIVE TRANSPORTE | D24: M3 | E24: 70.69 | F24: 70.691 | H24: =F24+G24 -> 70.691 | I24: =IF(ABS(E24-F24)<0.005,0,E24-F24) -> 0 | J24: 5.67 | K24: =TRUNC(J24*1.2211,2) -> 6.92 | L24: =E24*K24 -> 489.1748 | M24: =F24*K24 -> 489.18172 | N24: =G24*K24 -> 0 | O24: =H24*K24 -> 489.18172 | Q24: =O24/$L$181 -> 8.5984931e-05
A25: 02.02.02 | B25: 5914359 | C25: Transporte com caminhão basculante de 10 m³ - rodovia em leito natural (SICRO 5914359) | D25: t.km | E25: 2288.3 | F25: 2288.3 | H25: =F25+G25 -> 2288.3 | I25: =E25-H25 -> 0 | J25: 1.17 | K25: =TRUNC(J25*1.2211,2) -> 1.42 | L25: =E25*K25 -> 3249.386 | M25: =F25*K25 -> 3249.386 | N25: =G25*K25 -> 0 | O25: =H25*K25 -> 3249.386 | Q25: =O25/$L$181 -> 0.00057115428
A26: 02.02.03 | B26: 02521/ORSE | C26: COMPACTAÇÃO DE ATERROS, COM ROLO VIBRATÓRIO, A 95% DO PROCTOR NORMAL | D26: M3 | E26: 70.69 | F26: 70.69 | H26: =F26+G26 -> 70.69 | I26: =E26-H26 -> 0 | J26: 3.54 | K26: =TRUNC(J26*1.2211,2) -> 4.32 | L26: =E26*K26 -> 305.3808 | M26: =F26*K26 -> 305.3808 | N26: =G26*K26 -> 0 | O26: =H26*K26 -> 305.3808 | Q26: =O26/$L$181 -> 5.3677695e-05
A27: 02.03 | C27: TAPUME /PLACA | L27: =SUM(L28:L29) -> 13440.75 | M27: =SUM(M28:M29) -> 13440.75 | N27: =SUM(N28:N29) -> 0 | O27: =SUM(O28:O29) -> 13440.75 | Q27: =O27/$L$181 -> 0.0023625207
A28: 02.03.01 | B28: 00051/ORSE | C28: PLACA DE OBRA EM CHAPA AÇO GALVANIZADO, INSTALADA | D28: M2 | E28: 12 | F28: 12 | H28: =F28+G28 -> 12 | I28: =E28-H28 -> 0 | J28: 128.42 | K28: =TRUNC(J28*1.2211,2) -> 156.81 | L28: =E28*K28 -> 1881.72 | M28: =F28*K28 -> 1881.72 | N28: =G28*K28 -> 0 | O28: =H28*K28 -> 1881.72 | Q28: =O28/$L$181 -> 0.00033075554
A29: 02.03.02 | B29: 09142/ORSE | C29: TAPUME EM CHAPA OSB LP (2,20X1,22M), ESP = 10MM (1 USO) | D29: M2 | E29: 162.62 | F29: 162.62 | H29: =F29+G29 -> 162.62 | I29: =E29-H29 -> 0 | J29: 58.21 | K29: =TRUNC(J29*1.2211,2) -> 71.08 | L29: =E29*K29 -> 11559.03 | M29: =F29*K29 -> 11559.03 | N29: =G29*K29 -> 0 | O29: =H29*K29 -> 11559.03 | Q29: =O29/$L$181 -> 0.0020317651
A30: 02.04 | C30: BARRACÕES | L30: =SUM(L31:L34) -> 42821.93 | M30: =SUM(M31:M34) -> 42821.93 | N30: =SUM(N31:N34) -> 0 | O30: =SUM(O31:O34) -> 42821.93 | Q30: =O30/$L$181 -> 0.0075269385
A31: 02.04.01 | B31: 00054/ORSE | C31: BARRACÃO PARA ESCRITÓRIO DE OBRA PORTE MÉDIO S=43,56M2 COM MATERIAIS NOVOS | D31: UN | E31: 1 | F31: 1 | H31: =F31+G31 -> 1 | I31: =E31-H31 -> 0 | J31: 10188.7 | K31: =TRUNC(J31*1.2211,2) -> 12441.42 | L31: =E31*K31 -> 12441.42 | M31: =F31*K31 -> 12441.42 | N31: =G31*K31 -> 0 | O31: =H31*K31 -> 12441.42 | Q31: =O31/$L$181 -> 0.0021868655
A32: 02.04.02 | B32: 00062/ORSE | C32: BARRACÃO FECHADO PORTE PEQUENO PARA DEPÓSITO DE CIMENTO E ALMOXARIFADO (S=38,72 M2) COM MATERIAIS NOVOS | D32: UN | E32: 1 | F32: 1 | H32: =F32+G32 -> 1 | I32: =E32-H32 -> 0 | J32: 6094.39 | K32: =TRUNC(J32*1.2211,2) -> 7441.85 | L32: =E32*K32 -> 7441.85 | M32: =F32*K32 -> 7441.85 | N32: =G32*K32 -> 0 | O32: =H32*K32 -> 7441.85 | Q32: =O32/$L$181 -> 0.0013080762
A33: 02.04.03 | B33: 00061/ORSE | C33: BARRACÃO ABERTO PARA REFEITÓRIO DE OBRA (CAPACIDADE 24 REFEIÇÕES SIMULTÂNEAS)-S=61,60M2 COM MATERIAIS NOVOS | D33: UN | E33: 1 | F33: 1 | H33: =F33+G33 -> 1 | I33: =E33-H33 -> 0 | J33: 9511.99 | K33: =TRUNC(J33*1.2211,2) -> 11615.09 | L33: =E33*K33 -> 11615.09 | M33: =F33*K33 -> 11615.09 | N33: =G33*K33 -> 0 | O33: =H33*K33 -> 11615.09 | Q33: =O33/$L$181 -> 0.002041619
A34: 02.04.04 | B34: 10184/ORSE | C34: BARRACÃO PARA BANHEIRO E VESTIÁRIO DE OBRA, S=35,10M², CAPACIDADE 20 OPERÁRIOS COM MATERIAIS NOVOS | D34: UN | E34: 1 | F34: 1 | H34: =F34+G34 -> 1 | I34: =E34-H34 -> 0 | J34: 9273.26 | K34: =TRUNC(J34*1.2211,2) -> 11323.57 | L34: =E34*K34 -> 11323.57 | M34: =F34*K34 -> 11323.57 | N34: =G34*K34 -> 0 | O34: =H34*K34 -> 11323.57 | Q34: =O34/$L$181 -> 0.0019903777
A35: 02.05 | C35: LIGAÇÕES PROVISÓRIAS | L35: =SUM(L36:L40) -> 15487.09 | M35: =SUM(M36:M40) -> 15487.09 | N35: =SUM(N36:N40) -> 0 | O35: =SUM(O36:O40) -> 15487.09 | Q35: =O35/$L$181 -> 0.002722212
A36: 02.05.01 | B36: 06096/ORSE | C36: LIGAÇÃO EM MURETA, COM FORNECIMENTO DE MATERIAL, INCLUSIVE MURETA E HIDRÔMETRO, REDE DN 50MM | D36: UN | E36: 1 | F36: 1 | H36: =F36+G36 -> 1 | I36: =E36-H36 -> 0 | J36: 470.3 | K36: =TRUNC(J36*1.2211,2) -> 574.28 | L36: =E36*K36 -> 574.28 | M36: =F36*K36 -> 574.28 | N36: =G36*K36 -> 0 | O36: =H36*K36 -> 574.28 | Q36: =O36/$L$181 -> 0.00010094291
A37: 02.05.02 | B37: 41598 | C37: ENTRADA PROVISORIA DE ENERGIA ELETRICA AEREA TRIFASICA 40A EM POSTO DE MADEIRA | D37: UN | E37: 1 | F37: 1 | H37: =F37+G37 -> 1 | I37: =E37-H37 -> 0 | J37: 1359.17 | K37: =TRUNC(J37*1.2211,2) -> 1659.68 | L37: =E37*K37 -> 1659.68 | M37: =F37*K37 -> 1659.68 | N37: =G37*K37 -> 0 | O37: =H37*K37 -> 1659.68 | Q37: =O37/$L$181 -> 0.00029172691
A38: 02.05.03 | B38: 01711/ORSE | C38: FOSSA SÉPTICA PRÉ-MOLDADA, TIPO OMS, CAPACIDADE 30 PESSOAS (V=2710 LITROS) | D38: UN | E38: 1 | F38: 1 | H38: =F38+G38 -> 1 | I38: =E38-H38 -> 0 | J38: 2379.78 | K38: =TRUNC(J38*1.2211,2) -> 2905.94 | L38: =E38*K38 -> 2905.94 | M38: =F38*K38 -> 2905.94 | N38: =G38*K38 -> 0 | O38: =H38*K38 -> 2905.94 | Q38: =O38/$L$181 -> 0.00051078575
A39: 02.05.04 | B39: 01747/ORSE | C39: SUMIDOURO PAREDES COM BLOCOS CERÂMICOS 6 FUROS E DIMENSÕES INTERNAS DE 3,00 X 1,50 X 1,50 M | D39: UN | E39: 1 | F39: 1 | H39: =F39+G39 -> 1 | I39: =E39-H39 -> 0 | J39: 4459.55 | K39: =TRUNC(J39*1.2211,2) -> 5445.55 | L39: =E39*K39 -> 5445.55 | M39: =F39*K39 -> 5445.55 | N39: =G39*K39 -> 0 | O39: =H39*K39 -> 5445.55 | Q39: =O39/$L$181 -> 0.00095718058
A40: 02.05.05 | B40: 10390/ORSE | C40: ALUGUEL DE BANHEIRO QUÍMICO, COM LIMPEZAS DIÁRIAS | D40: MÊS | E40: 6 | F40: 6 | H40: =F40+G40 -> 6 | I40: =E40-H40 -> 0 | J40: 669.02 | K40: =TRUNC(J40*1.2211,2) -> 816.94 | L40: =E40*K40 -> 4901.64 | M40: =F40*K40 -> 4901.64 | N40: =G40*K40 -> 0 | O40: =H40*K40 -> 4901.64 | Q40: =O40/$L$181 -> 0.0008615759
A41: 03 | C41: TERRAPLENAGEM E DRENAGEM | L41: =L42+L126 -> 3446844.8 | M41: =M42+M126 -> 2998289 | N41: =N42+N126 -> 0 | O41: =O42+O126 -> 2998289 | P41: =P42+P126 -> 448555.77 | Q41: =O41/$L$181 -> 0.52701821
A42: 03.01 | C42: TERRAPLENAGEM | L42: =L43+L57+L66+L75+L84+L94+L102+L110+L118 -> 3298670 | M42: =M43+M57+M66+M75+M84+M94+M102+M110+M118 -> 2915573.6 | N42: =N43+N57+N66+N75+N84+N94+N102+N110+N118 -> 0 | O42: =O43+O57+O66+O75+O84+O94+O102+O110+O118 -> 2915573.6 | P42: =P43+P57+P66+P75+P84+P94+P102+P110+P118 -> 383096.36 | Q42: =O42/$L$181 -> 0.51247908
A43: 03.01.01 | C43: PAVIMENTAÇÃO DO ACESSO | L43: =L44+L48 -> 1076494.2 | M43: =M44+M48 -> 1076419.8 | N43: =N44+N48 -> 0 | O43: =O44+O48 -> 1076419.8 | P43: =P44+P48 -> 74.4484 | Q43: =O43/$L$181 -> 0.18920551
A44: 03.01.01.01 | C44: Serviços Preliminares | L44: =SUM(L45:L47) -> 72075.067 | M44: =SUM(M45:M47) -> 72075.067 | N44: =SUM(N45:N47) -> 0 | O44: =SUM(O45:O47) -> 72075.067 | P44: =SUM(P45:P47) -> -0.0006 | Q44: =O44/$L$181 -> 0.01266885
A45: 03.01.01.01.01 | B45: 02548/ORSE | C45: LOCAÇÃO DE SERVIÇOS DE TERRAPLENAGEM DE OBRAS CIVIS | D45: M2 | E45: 12677.27 | F45: 12677.26 | H45: =F45+G45 -> 12677.26 | I45: =E45-H45 -> 0.01 | J45: 0.67 | K45: =TRUNC(J45*1.2211,2) -> 0.81 | L45: =TRUNC(E45*K45,2) -> 10268.58 | M45: =F45*K45 -> 10268.581 | N45: =G45*K45 -> 0 | O45: =H45*K45 -> 10268.581 | P45: =L45-O45 -> -0.0006 | Q45: =O45/$L$181 -> 0.0018049391
A46: 03.01.01.01.02 | B46: 02492/ORSE | C46: DESMATAMENTO, DESTOCAMENTO DE ÁRVORES DE DIÂMETRO DE 0,15 A 0,30M | D46: UN | E46: 10 | F46: 10 | H46: =F46+G46 -> 10 | I46: =E46-H46 -> 0 | J46: 36.73 | K46: =TRUNC(J46*1.2211,2) -> 44.85 | L46: =TRUNC(E46*K46,2) -> 448.5 | M46: =F46*K46 -> 448.5 | N46: =G46*K46 -> 0 | O46: =H46*K46 -> 448.5 | P46: =L46-O46 -> 0 | Q46: =O46/$L$181 -> 7.8834184e-05
A47: 03.01.01.01.03 | B47: 00004/ORSE | C47: LIMPEZA MECANIZADA DO TERRENO C/ TRATOR ESTEIRA (VEGETAÇÃO RASTEIRA) INCLUSIVE CARGA E TRANSPORTE - DMT ATÉ 1 KM | D47: M2 | E47: 12677.27 | F47: 12677.27 | H47: =F47+G47 -> 12677.27 | I47: =E47-H47 -> 0 | J47: 3.97 | K47: =TRUNC(J47*1.2211,2) -> 4.84 | L47: =E47*K47 -> 61357.987 | M47: =F47*K47 -> 61357.987 | N47: =G47*K47 -> 0 | O47: =H47*K47 -> 61357.987 | P47: =L47-O47 -> 0 | Q47: =O47/$L$181 -> 0.010785077
A48: 03.01.01.02 | C48: Corte e Aterro | L48: =SUM(L49:L56) -> 1004419.1 | M48: =SUM(M49:M56) -> 1004344.7 | N48: =SUM(N49:N56) -> 0 | O48: =SUM(O49:O56) -> 1004344.7 | P48: =SUM(P49:P56) -> 74.449 | Q48: =O48/$L$181 -> 0.17653666
A49: 03.01.01.02.01 | B49: 02533/ORSE | C49: ESPALHAMENTO DE MATERIAL DE 1ª CATEGORIA C/ TRATOR ESTEIRA CAT - D-6 OU SIMILAR | D49: m3 | E49: 9547.21 | F49: 9547.21 | H49: =F49+G49 -> 9547.21 | I49: =E49-H49 -> 0 | J49: 0.34 | K49: =TRUNC(J49*1.2211,2) -> 0.41 | L49: =E49*K49 -> 3914.3561 | M49: =F49*K49 -> 3914.3561 | N49: =G49*K49 -> 0 | O49: =H49*K49 -> 3914.3561 | P49: =L49-O49 -> 0 | Q49: =O49/$L$181 -> 0.00068803806
A50: 03.01.01.02.02 | B50: 5502978 | C50: Compactação de aterros a 100% do Proctor normal (SICRO 5502978) | D50: m3 | E50: 9547.21 | F50: 9547.205 | H50: =F50+G50 -> 9547.205 | I50: =E50-H50 -> 0.005 | J50: 4.59 | K50: =J50*1.221 -> 5.60439 | L50: =M50 -> 53506.26 | M50: =F50*K50 -> 53506.26 | N50: =G50*K50 -> 0 | O50: =H50*K50 -> 53506.26 | P50: =L50-O50 -> 0 | Q50: =O50/$L$181 -> 0.0094049551
A51: 03.01.01.02.03 | B51: 5501710 | C51: Escavação, carga e transporte em material de 1ª categoria - DMT de 50 m (SICRO 5501710 ) | D51: m3 | E51: 496.72 | F51: 496.72 | H51: =F51+G51 -> 496.72 | I51: =E51-H51 -> 0 | J51: 2.83 | K51: =TRUNC(J51*1.2211,2) -> 3.45 | L51: =TRUNC(E51*K51,2) -> 1713.68 | M51: =F51*K51 -> 1713.684 | N51: =G51*K51 -> 0 | O51: =H51*K51 -> 1713.684 | P51: =L51-O51 -> -0.004 | Q51: =O51/$L$181 -> 0.00030121935
A52: 03.01.01.02.04 | B52: 5501875 | C52: Escavação, carga e transporte de material de 1ª categoria - DMT de 50 a 200 m - caminho de serviço em leito natural - com carregadeira e caminhão basculante de 14 m³ (SICRO 5501875) | D52: m3 | E52: 12347.81 | F52: 12347.81 | H52: =F52+G52 -> 12347.81 | I52: =E52-H52 -> 0 | J52: 9.16 | K52: =TRUNC(J52*1.2211,2) -> 11.18 | L52: =E52*K52 -> 138048.52 | M52: =F52*K52 -> 138048.52 | N52: =G52*K52 -> 0 | O52: =H52*K52 -> 138048.52 | P52: =L52-O52 -> 0 | Q52: =O52/$L$181 -> 0.0242652
A53: 03.01.01.02.05 | B53: 5915320 | C53: Transporte de material de 1º cat com caminhão basculante, revestimento primário (SICRO 5915320 ) | D53: t.km | E53: 151328.21 | F53: 151328.21 | H53: =F53+G53 -> 151328.21 | I53: =E53-H53 -> 0 | J53: 0.67 | K53: =TRUNC(J53*1.2211,2) -> 0.81 | L53: =TRUNC(E53*K53,2) -> 122575.85 | M53: =F53*K53 -> 122575.85 | N53: =G53*K53 -> 0 | O53: =H53*K53 -> 122575.85 | P53: =L53-O53 -> -9.999999e-05 | Q53: =O53/$L$181 -> 0.021545523
A54: 03.01.01.02.06 | B54: 04986/ORSE | C54: Carga mecânica de material de 1ª categoria | D54: m3 | E54: 67256.98 | F54: 67256.98 | H54: =F54+G54 -> 67256.98 | I54: =E54-H54 -> 0 | J54: 0.99 | K54: =TRUNC(J54*1.2211,2) -> 1.2 | L54: =E54*K54 -> 80708.376 | M54: =F54*K54 -> 80708.376 | N54: =G54*K54 -> 0 | O54: =H54*K54 -> 80708.376 | P54: =L54-O54 -> 0 | Q54: =O54/$L$181 -> 0.014186352
A55: 03.01.01.02.07 | B55: 5501876 | C55: Escavação, carga e transporte de material de 1ª categoria - DMT de 200 a 400 m - caminho de serviço em leito natural - com carregadeira e caminhão basculante de 14 m³ (SICRO 5501876) | D55: m3 | E55: 5102.7 | F55: 5096.61 | H55: =F55+G55 -> 5096.61 | I55: =E55-H55 -> 6.09 | J55: 9.58 | K55: =TRUNC(J55*1.2211,2) -> 11.69 | L55: =TRUNC(E55*K55,2) -> 59650.56 | M55: =F55*K55 -> 59579.371 | N55: =G55*K55 -> 0 | O55: =H55*K55 -> 59579.371 | P55: =L55-O55 -> 71.1891 | Q55: =O55/$L$181 -> 0.010472444
A56: 03.01.01.02.08 | B56: 5501877 | C56: Escavação, carga e transporte de material de 1ª categoria - DMT de 400 a 600 m - caminho de serviço em leito natural - com carregadeira e caminhão basculante de 14 M³ | D56: m3 | E56: 43336.11 | F56: 43335.85 | H56: =F56+G56 -> 43335.85 | I56: =E56-H56 -> 0.26 | J56: 10.29 | K56: =TRUNC(J56*1.2211,2) -> 12.56 | L56: =TRUNC(E56*K56,2) -> 544301.54 | M56: =F56*K56 -> 544298.28 | N56: =G56*K56 -> 0 | O56: =H56*K56 -> 544298.28 | P56: =L56-O56 -> 3.264 | Q56: =O56/$L$181 -> 0.095672933
A57: 03.01.02 | C57: LOTE 05 | L57: =SUM(L58:L65) -> 262062.75 | M57: =SUM(M58:M65) -> 262041.77 | N57: =SUM(N58:N65) -> 0 | O57: =SUM(O58:O65) -> 262041.77 | P57: =SUM(P58:P65) -> 20.9792 | Q57: =O57/$L$181 -> 0.046059864
A58: 03.01.02.01 | B58: 02548/ORSE | C58: LOCAÇÃO DE SERVIÇOS DE TERRAPLENAGEM DE OBRAS CIVIS | D58: M2 | E58: 16822.26 | F58: 16822.26 | H58: =F58+G58 -> 16822.26 | I58: =E58-H58 -> 0 | J58: 0.67 | K58: =TRUNC(J58*1.2211,2) -> 0.81 | L58: =TRUNC(E58*K58,2) -> 13626.03 | M58: =F58*K58 -> 13626.031 | N58: =G58*K58 -> 0 | O58: =H58*K58 -> 13626.031 | P58: =L58-O58 -> -0.0006 | Q58: =O58/$L$181 -> 0.0023950881
A59: 03.01.02.02 | B59: 00004/ORSE | C59: LIMPEZA MECANIZADA DO TERRENO C/ TRATOR ESTEIRA (VEGETAÇÃO RASTEIRA) INCLUSIVE CARGA E TRANSPORTE - DMT ATÉ 1 KM | D59: M2 | E59: 16822.26 | F59: 16822.26 | H59: =F59+G59 -> 16822.26 | I59: =E59-H59 -> 0 | J59: 3.97 | K59: =TRUNC(J59*1.2211,2) -> 4.84 | L59: =O59 -> 81419.738 | M59: =F59*K59 -> 81419.738 | N59: =G59*K59 -> 0 | O59: =H59*K59 -> 81419.738 | P59: =L59-O59 -> 0 | Q59: =O59/$L$181 -> 0.01431139
A60: 03.01.02.03 | B60: 5501710 | C60: Escavação, carga e transporte em material de 1ª categoria - DMT de 50 m (SICRO 5501710) | D60: m3 | E60: 1250.99 | F60: 1250.99 | H60: =F60+G60 -> 1250.99 | I60: =E60-H60 -> 0 | J60: 2.83 | K60: =TRUNC(J60*1.2211,2) -> 3.45 | L60: =E60*K60 -> 4315.9155 | M60: =F60*K60 -> 4315.9155 | N60: =G60*K60 -> 0 | O60: =H60*K60 -> 4315.9155 | P60: =L60-O60 -> 0 | Q60: =O60/$L$181 -> 0.00075862135
A61: 03.01.02.04 | B61: 5501875 | C61: Escavação, carga e transporte de material de 1ª categoria - DMT de 50 a 200 m - caminho de serviço em leito natural - com carregadeira e caminhão basculante de 14 m³ (SICRO 5501875) | D61: m3 | E61: 5577.45 | F61: 5576.2 | H61: =F61+G61 -> 5576.2 | I61: =E61-H61 -> 1.25 | J61: 9.16 | K61: =TRUNC(J61*1.2211,2) -> 11.18 | L61: =TRUNC(E61*K61,2) -> 62355.89 | M61: =F61*K61 -> 62341.916 | N61: =G61*K61 -> 0 | O61: =H61*K61 -> 62341.916 | P61: =L61-O61 -> 13.974 | Q61: =O61/$L$181 -> 0.010958025
A62: 03.01.02.05 | B62: 5501876 | C62: Escavação, carga e transporte de material de 1ª categoria - DMT de 200 a 400 m - caminho de serviço em leito natural - com carregadeira e caminhão basculante de 14 m³ (SICRO 5501876 ) | D62: m3 | E62: 6316.4 | F62: 6315.8 | H62: =F62+G62 -> 6315.8 | I62: =E62-H62 -> 0.6 | J62: 9.58 | K62: =TRUNC(J62*1.2211,2) -> 11.69 | L62: =TRUNC(E62*K62,2) -> 73838.71 | M62: =F62*K62 -> 73831.702 | N62: =G62*K62 -> 0 | O62: =H62*K62 -> 73831.702 | P62: =L62-O62 -> 7.008 | Q62: =O62/$L$181 -> 0.012977619
A63: 03.01.02.06 | B63: 02533/ORSE | C63: ESPALHAMENTO DE MATERIAL DE 1ª CATEGORIA C/ TRATOR ESTEIRA CAT - D-6 OU SIMILAR | D63: M3 | E63: 6943.42 | F63: 6943.42 | H63: =F63+G63 -> 6943.42 | I63: =E63-H63 -> 0 | J63: 0.34 | K63: =TRUNC(J63*1.2211,2) -> 0.41 | L63: =TRUNC(E63*K63,2) -> 2846.8 | M63: =F63*K63 -> 2846.8022 | N63: =G63*K63 -> 0 | O63: =H63*K63 -> 2846.8022 | P63: =L63-O63 -> -0.0022 | Q63: =O63/$L$181 -> 0.00050039092
A64: 03.01.02.07 | B64: 04986/ORSE | C64: Carga mecânica de material de 1ª categoria | D64: M3 | E64: 7827.85 | F64: 7827.85 | H64: =F64+G64 -> 7827.85 | I64: =E64-H64 -> 0 | J64: 0.99 | K64: =TRUNC(J64*1.2211,2) -> 1.2 | L64: =TRUNC(E64*K64,2) -> 9393.42 | M64: =F64*K64 -> 9393.42 | N64: =G64*K64 -> 0 | O64: =H64*K64 -> 9393.42 | P64: =L64-O64 -> 0 | Q64: =O64/$L$181 -> 0.0016511095
A65: 03.01.02.08 | B65: 5915320 | C65: Transporte de material de 1º cat com caminhão basculante, revestimento primário (SICRO 5915320) | D65: t.km | E65: 17612.65 | F65: 17612.65 | H65: =F65+G65 -> 17612.65 | I65: =E65-H65 -> 0 | J65: 0.67 | K65: =TRUNC(J65*1.2211,2) -> 0.81 | L65: =E65*K65 -> 14266.247 | M65: =F65*K65 -> 14266.247 | N65: =G65*K65 -> 0 | O65: =H65*K65 -> 14266.247 | P65: =L65-O65 -> 0 | Q65: =O65/$L$181 -> 0.0025076207
A66: 03.01.03 | C66: LOTE 06 | L66: =SUM(L67:L74) -> 279184.43 | M66: =SUM(M67:M74) -> 279114.27 | N66: =SUM(N67:N74) -> 0 | O66: =SUM(O67:O74) -> 279114.27 | P66: =SUM(P67:P74) -> 70.16294 | Q66: =O66/$L$181 -> 0.049060749
A67: 03.01.03.01 | B67: 02548/ORSE | C67: LOCAÇÃO DE SERVIÇOS DE TERRAPLENAGEM DE OBRAS CIVIS | D67: M2 | E67: 15043.78 | F67: 15043.78 | H67: =F67+G67 -> 15043.78 | I67: =E67-H67 -> 0 | J67: 0.67 | K67: =TRUNC(J67*1.2211,2) -> 0.81 | L67: =TRUNC(E67*K67,2) -> 12185.46 | M67: =F67*K67 -> 12185.462 | N67: =G67*K67 -> 0 | O67: =H67*K67 -> 12185.462 | P67: =L67-O67 -> -0.0018 | Q67: =O67/$L$181 -> 0.002141875
A68: 03.01.03.02 | B68: 00004/ORSE | C68: LIMPEZA MECANIZADA DO TERRENO C/ TRATOR ESTEIRA (VEGETAÇÃO RASTEIRA) INCLUSIVE CARGA E TRANSPORTE - DMT ATÉ 1 KM | D68: M2 | E68: 15043.78 | F68: 15043.78 | H68: =F68+G68 -> 15043.78 | I68: =E68-H68 -> 0 | J68: 3.97 | K68: =TRUNC(J68*1.2211,2) -> 4.84 | L68: =E68*K68 -> 72811.895 | M68: =F68*K68 -> 72811.895 | N68: =G68*K68 -> 0 | O68: =H68*K68 -> 72811.895 | P68: =L68-O68 -> 0 | Q68: =O68/$L$181 -> 0.012798364
A69: 03.01.03.03 | B69: 5501710 | C69: Escavação, carga e transporte em material de 1ª categoria - DMT de 50 m (SICRO 5501710) | D69: m3 | E69: 2476.6 | F69: 2472.58 | H69: =F69+G69 -> 2472.58 | I69: =E69-H69 -> 4.02 | J69: 2.83 | K69: =TRUNC(J69*1.2211,2) -> 3.45 | L69: =TRUNC(E69*K69,2) -> 8544.27 | M69: =F69*K69 -> 8530.401 | N69: =G69*K69 -> 0 | O69: =H69*K69 -> 8530.401 | P69: =L69-O69 -> 13.869 | Q69: =O69/$L$181 -> 0.001499414
A70: 03.01.03.04 | B70: 5501875 | C70: Escavação, carga e transporte de material de 1ª categoria - DMT de 50 a 200 m - caminho de serviço em leito natural - com carregadeira e caminhão basculante de 14 m³ (SICRO 5501875) | D70: m3 | E70: 8367.98 | F70: 8367.98 | H70: =F70+G70 -> 8367.98 | I70: =E70-H70 -> 0 | J70: 9.16 | K70: =TRUNC(J70*1.2211,2) -> 11.18 | L70: =E70*K70 -> 93554.016 | M70: =F70*K70 -> 93554.016 | N70: =G70*K70 -> 0 | O70: =H70*K70 -> 93554.016 | P70: =L70-O70 -> 0 | Q70: =O70/$L$181 -> 0.016444269
A71: 03.01.03.05 | B71: 5501876 | C71: Escavação, carga e transporte de material de 1ª categoria - DMT de 200 a 400 m - caminho de serviço em leito natural - com carregadeira e caminhão basculante de 14 m³ (SICRO 5501876) | D71: m3 | E71: 3796.57 | F71: 3791.754 | H71: =F71+G71 -> 3791.754 | I71: =E71-H71 -> 4.816 | J71: 9.58 | K71: =TRUNC(J71*1.2211,2) -> 11.69 | L71: =TRUNC(E71*K71,2) -> 44381.9 | M71: =F71*K71 -> 44325.604 | N71: =G71*K71 -> 0 | O71: =H71*K71 -> 44325.604 | P71: =L71-O71 -> 56.29574 | Q71: =O71/$L$181 -> 0.0077912438
A72: 03.01.03.06 | B72: 02533/ORSE | C72: ESPALHAMENTO DE MATERIAL DE 1ª CATEGORIA C/ TRATOR ESTEIRA CAT - D-6 OU SIMILAR | D72: M3 | E72: 2790.87 | F72: 2790.87 | H72: =F72+G72 -> 2790.87 | I72: =E72-H72 -> 0 | J72: 0.34 | K72: =TRUNC(J72*1.2211,2) -> 0.41 | L72: =E72*K72 -> 1144.2567 | M72: =F72*K72 -> 1144.2567 | N72: =G72*K72 -> 0 | O72: =H72*K72 -> 1144.2567 | P72: =L72-O72 -> 0 | Q72: =O72/$L$181 -> 0.00020112942
A73: 03.01.03.07 | B73: 04986/ORSE | C73: Carga mecânica de material de 1ª categoria | D73: M3 | E73: 15405.34 | F73: 15405.34 | H73: =F73+G73 -> 15405.34 | I73: =E73-H73 -> 0 | J73: 0.99 | K73: =TRUNC(J73*1.2211,2) -> 1.2 | L73: =E73*K73 -> 18486.408 | M73: =F73*K73 -> 18486.408 | N73: =G73*K73 -> 0 | O73: =H73*K73 -> 18486.408 | P73: =L73-O73 -> 0 | Q73: =O73/$L$181 -> 0.0032494111
A74: 03.01.03.08 | B74: 5915320 | C74: Transporte de material de 1º cat com caminhão basculante, revestimento primário (SICRO 5915320) | D74: t.km | E74: 34662.01 | F74: 34662.01 | H74: =F74+G74 -> 34662.01 | I74: =E74-H74 -> 0 | J74: 0.67 | K74: =TRUNC(J74*1.2211,2) -> 0.81 | L74: =E74*K74 -> 28076.228 | M74: =F74*K74 -> 28076.228 | N74: =G74*K74 -> 0 | O74: =H74*K74 -> 28076.228 | P74: =L74-O74 -> 0 | Q74: =O74/$L$181 -> 0.0049350424
A75: 03.01.04 | C75: LOTE 07 | L75: =SUM(L76:L83) -> 216534.29 | M75: =SUM(M76:M83) -> 216222 | N75: =SUM(N76:N83) -> 0 | O75: =SUM(O76:O83) -> 216222 | P75: =SUM(P76:P83) -> 312.28994 | Q75: =O75/$L$181 -> 0.038005986
A76: 03.01.04.01 | B76: 02548/ORSE | C76: LOCAÇÃO DE SERVIÇOS DE TERRAPLENAGEM DE OBRAS CIVIS | D76: M2 | E76: 14340.14 | F76: 14340.14 | H76: =F76+G76 -> 14340.14 | I76: =E76-H76 -> 0 | J76: 0.67 | K76: =TRUNC(J76*1.2211,2) -> 0.81 | L76: =TRUNC(E76*K76,2) -> 11615.51 | M76: =F76*K76 -> 11615.513 | N76: =G76*K76 -> 0 | O76: =H76*K76 -> 11615.513 | P76: =L76-O76 -> -0.0034 | Q76: =O76/$L$181 -> 0.0020416935
A77: 03.01.04.02 | B77: 00004/ORSE | C77: LIMPEZA MECANIZADA DO TERRENO C/ TRATOR ESTEIRA (VEGETAÇÃO RASTEIRA) INCLUSIVE CARGA E TRANSPORTE - DMT ATÉ 1 KM | D77: M2 | E77: 14340.14 | F77: 14340.14 | H77: =F77+G77 -> 14340.14 | I77: =E77-H77 -> 0 | J77: 3.97 | K77: =TRUNC(J77*1.2211,2) -> 4.84 | L77: =E77*K77 -> 69406.278 | M77: =F77*K77 -> 69406.278 | N77: =G77*K77 -> 0 | O77: =H77*K77 -> 69406.278 | P77: =L77-O77 -> 0 | Q77: =O77/$L$181 -> 0.012199749
A78: 03.01.04.03 | B78: 5501710 | C78: Escavação, carga e transporte em material de 1ª categoria - DMT de 50 m (SICRO 5501710) | D78: m3 | E78: 1798.16 | F78: 1768.41 | H78: =F78+G78 -> 1768.41 | I78: =E78-H78 -> 29.75 | J78: 2.83 | K78: =TRUNC(J78*1.2211,2) -> 3.45 | L78: =TRUNC(E78*K78,2) -> 6203.65 | M78: =F78*K78 -> 6101.0145 | N78: =G78*K78 -> 0 | O78: =H78*K78 -> 6101.0145 | P78: =L78-O78 -> 102.6355 | Q78: =O78/$L$181 -> 0.0010723935
A79: 03.01.04.04 | B79: 5501875 | C79: Escavação, carga e transporte de material de 1ª categoria - DMT de 50 a 200 m - caminho de serviço em leito natural - com carregadeira e caminhão basculante de 14 m³ (SICRO 5501875) | D79: m3 | E79: 8425.23 | F79: 8410.157 | H79: =F79+G79 -> 8410.157 | I79: =E79-H79 -> 15.073 | J79: 9.16 | K79: =TRUNC(J79*1.2211,2) -> 11.18 | L79: =TRUNC(E79*K79,2) -> 94194.07 | M79: =F79*K79 -> 94025.555 | N79: =G79*K79 -> 0 | O79: =H79*K79 -> 94025.555 | P79: =L79-O79 -> 168.51474 | Q79: =O79/$L$181 -> 0.016527153
A80: 03.01.04.05 | B80: 5501876 | C80: Escavação, carga e transporte de material de 1ª categoria - DMT de 200 a 400 m - caminho de serviço em leito natural - com carregadeira e caminhão basculante de 14 m³ (SICRO 5501876 ) | D80: M³ | E80: 117.39 | F80: 113.87 | H80: =F80+G80 -> 113.87 | I80: =E80-H80 -> 3.52 | J80: 9.58 | K80: =TRUNC(J80*1.2211,2) -> 11.69 | L80: =TRUNC(E80*K80,2) -> 1372.28 | M80: =F80*K80 -> 1331.1403 | N80: =G80*K80 -> 0 | O80: =H80*K80 -> 1331.1403 | P80: =L80-O80 -> 41.1397 | Q80: =O80/$L$181 -> 0.0002339785
A81: 03.01.04.06 | B81: 04986/ORSE | C81: Carga mecânica de material de 1ª categoria | D81: M3 | E81: 9830.3 | F81: 9830.3 | H81: =F81+G81 -> 9830.3 | I81: =E81-H81 -> 0 | J81: 0.99 | K81: =TRUNC(J81*1.2211,2) -> 1.2 | L81: =TRUNC(E81*K81,2) -> 11796.36 | M81: =F81*K81 -> 11796.36 | N81: =G81*K81 -> 0 | O81: =H81*K81 -> 11796.36 | P81: =L81-O81 -> 0 | Q81: =O81/$L$181 -> 0.0020734814
A82: 03.01.04.07 | B82: 5915320 | C82: Transporte de material de 1º cat com caminhão basculante, revestimento primário (SICRO 5915320) | D82: t.km | E82: 22118.18 | F82: 22118.17 | H82: =F82+G82 -> 22118.17 | I82: =E82-H82 -> 0.01 | J82: 0.67 | K82: =TRUNC(J82*1.2211,2) -> 0.81 | L82: =TRUNC(E82*K82,2) -> 17915.72 | M82: =F82*K82 -> 17915.718 | N82: =G82*K82 -> 0 | O82: =H82*K82 -> 17915.718 | P82: =L82-O82 -> 0.0023 | Q82: =O82/$L$181 -> 0.0031490992
A83: 03.01.04.08 | B83: 02533/ORSE | C83: ESPALHAMENTO DE MATERIAL DE 1ª CATEGORIA C/ TRATOR ESTEIRA CAT - D-6 OU SIMILAR | D83: M3 | E83: 9830.3 | F83: 9830.29 | H83: =F83+G83 -> 9830.29 | I83: =E83-H83 -> 0.01 | J83: 0.34 | K83: =TRUNC(J83*1.2211,2) -> 0.41 | L83: =TRUNC(E83*K83,2) -> 4030.42 | M83: =F83*K83 -> 4030.4189 | N83: =G83*K83 -> 0 | O83: =H83*K83 -> 4030.4189 | P83: =L83-O83 -> 0.0011 | Q83: =O83/$L$181 -> 0.00070843876
A84: 03.01.05 | C84: LOTE 08 | L84: =SUM(L85:L93) -> 175195.36 | M84: =SUM(M85:M93) -> 174357.18 | N84: =SUM(N85:N93) -> 0 | O84: =SUM(O85:O93) -> 174357.18 | P84: =SUM(P85:P93) -> 838.18544 | Q84: =O84/$L$181 -> 0.030647282
A85: 03.01.05.01 | B85: 02548/ORSE | C85: LOCAÇÃO DE SERVIÇOS DE TERRAPLENAGEM DE OBRAS CIVIS | D85: M2 | E85: 13636.75 | F85: 13636.746 | H85: =F85+G85 -> 13636.746 | I85: =E85-H85 -> 0.004 | J85: 0.67 | K85: =TRUNC(J85*1.2211,2) -> 0.81 | L85: =TRUNC(E85*K85,2) -> 11045.76 | M85: =F85*K85 -> 11045.764 | N85: =G85*K85 -> 0 | O85: =H85*K85 -> 11045.764 | P85: =L85-O85 -> -0.00426 | Q85: =O85/$L$181 -> 0.001941547
A86: 03.01.05.02 | B86: 00004/ORSE | C86: LIMPEZA MECANIZADA DO TERRENO C/ TRATOR ESTEIRA (VEGETAÇÃO RASTEIRA) INCLUSIVE CARGA E TRANSPORTE - DMT ATÉ 1 KM | D86: M2 | E86: 13636.75 | F86: 13636.747 | H86: =F86+G86 -> 13636.747 | I86: =E86-H86 -> 0.003 | J86: 3.97 | K86: =TRUNC(J86*1.2211,2) -> 4.84 | L86: =O86 -> 66001.855 | M86: =F86*K86 -> 66001.855 | N86: =G86*K86 -> 0 | O86: =H86*K86 -> 66001.855 | P86: =L86-O86 -> 0 | Q86: =O86/$L$181 -> 0.011601343
A87: 03.01.05.03 | B87: 5501710 | C87: Escavação, carga e transporte em material de 1ª categoria - DMT de 50 m (SICRO 5501710) | D87: m3 | E87: 520.53 | F87: 520.53 | H87: =F87+G87 -> 520.53 | I87: =E87-H87 -> 0 | J87: 2.83 | K87: =TRUNC(J87*1.2211,2) -> 3.45 | L87: =E87*K87 -> 1795.8285 | M87: =F87*K87 -> 1795.8285 | N87: =G87*K87 -> 0 | O87: =H87*K87 -> 1795.8285 | P87: =L87-O87 -> 0 | Q87: =O87/$L$181 -> 0.00031565814
A88: 03.01.05.04 | B88: 5501875 | C88: Escavação, carga e transporte de material de 1ª categoria - DMT de 50 a 200 m - caminho de serviço em leito natural - com carregadeira e caminhão basculante de 14 m³ (SICRO 5501875) | D88: m3 | E88: 5881.94 | F88: 5862.76 | H88: =F88+G88 -> 5862.76 | I88: =E88-H88 -> 19.18 | J88: 9.16 | K88: =TRUNC(J88*1.2211,2) -> 11.18 | L88: =TRUNC(E88*K88,2) -> 65760.08 | M88: =F88*K88 -> 65545.657 | N88: =G88*K88 -> 0 | O88: =H88*K88 -> 65545.657 | P88: =L88-O88 -> 214.4232 | Q88: =O88/$L$181 -> 0.011521156
A89: 03.01.05.05 | B89: 5501876 | C89: Escavação, carga e transporte de material de 1ª categoria - DMT de 200 a 400 m - caminho de serviço em leito natural - com carregadeira e caminhão basculante de 14 m³ (SICRO 5501876 ) | D89: m3 | E89: 53.36 | F89: 0 | H89: =F89+G89 -> 0 | I89: =E89-H89 -> 53.36 | J89: 9.58 | K89: =TRUNC(J89*1.2211,2) -> 11.69 | L89: =TRUNC(E89*K89,2) -> 623.77 | M89: =F89*K89 -> 0 | N89: =G89*K89 -> 0 | O89: =H89*K89 -> 0 | P89: =L89-O89 -> 623.77 | Q89: =O89/$L$181 -> 0
A90: 03.01.05.06 | B90: 02533/ORSE | C90: ESPALHAMENTO DE MATERIAL DE 1ª CATEGORIA C/ TRATOR ESTEIRA CAT - D-6 OU SIMILAR | D90: M3 | E90: 2211.6 | F90: 2211.59 | H90: =F90+G90 -> 2211.59 | I90: =E90-H90 -> 0.01 | J90: 0.34 | K90: =TRUNC(J90*1.2211,2) -> 0.41 | L90: =TRUNC(E90*K90,2) -> 906.75 | M90: =F90*K90 -> 906.7519 | N90: =G90*K90 -> 0 | O90: =H90*K90 -> 906.7519 | P90: =L90-O90 -> -0.0019 | Q90: =O90/$L$181 -> 0.00015938249
A91: 03.01.05.07 | B91: 04986/ORSE | C91: Carga mecânica de material de 1ª categoria | D91: M3 | E91: 5517.41 | F91: 5517.41 | H91: =F91+G91 -> 5517.41 | I91: =E91-H91 -> 0 | J91: 0.99 | K91: =TRUNC(J91*1.2211,2) -> 1.2 | L91: =TRUNC(E91*K91,2) -> 6620.89 | M91: =F91*K91 -> 6620.892 | N91: =G91*K91 -> 0 | O91: =H91*K91 -> 6620.892 | P91: =L91-O91 -> -0.002 | Q91: =O91/$L$181 -> 0.001163774
A92: 03.01.05.08 | B92: 5915320 | C92: Transporte de material de 1º cat com caminhão basculante, revestimento primário (SICRO 5915320 ) | D92: t.km | E92: 12414.17 | F92: 12414.16 | H92: =F92+G92 -> 12414.16 | I92: =E92-H92 -> 0.01 | J92: 0.67 | K92: =TRUNC(J92*1.2211,2) -> 0.81 | L92: =TRUNC(E92*K92,2) -> 10055.47 | M92: =F92*K92 -> 10055.47 | N92: =G92*K92 -> 0 | O92: =H92*K92 -> 10055.47 | P92: =L92-O92 -> 0.0004 | Q92: =O92/$L$181 -> 0.0017674799
A93: 03.01.05.09 | B93: 5502978 | C93: COMPACTAÇÃO DE ATERROS A 100% DO PROCTOR NORMAL | D93: M3 | E93: 2211.6 | F93: 2211.6 | H93: =F93+G93 -> 2211.6 | I93: =E93-H93 -> 0 | J93: 4.59 | K93: =TRUNC(J93*1.2211,2) -> 5.6 | L93: =TRUNC(E93*K93,2) -> 12384.96 | M93: =F93*K93 -> 12384.96 | N93: =G93*K93 -> 0 | O93: =H93*K93 -> 12384.96 | P93: =L93-O93 -> 0 | Q93: =O93/$L$181 -> 0.0021769414
A94: 03.01.06 | C94: LOTE 09 e 10 | L94: =SUM(L95:L101) -> 254028.86 | M94: =SUM(M95:M101) -> 254028.87 | N94: =SUM(N95:N101) -> 0 | O94: =SUM(O95:O101) -> 254028.87 | P94: =IF(ABS(ROUND(SUM(P95:P101),2))<=0.01,0,ROUND(SUM(P95:P101),2)) -> 0 | Q94: =O94/$L$181 -> 0.044651413
A95: 03.01.06.01 | B95: 02548/ORSE | C95: LOCAÇÃO DE SERVIÇOS DE TERRAPLENAGEM DE OBRAS CIVIS | D95: M2 | E95: 22774.29 | F95: 22774.29 | H95: =F95+G95 -> 22774.29 | I95: =E95-H95 -> 0 | J95: 0.67 | K95: =TRUNC(J95*1.2211,2) -> 0.81 | L95: =TRUNC(E95*K95,2) -> 18447.17 | M95: =F95*K95 -> 18447.175 | N95: =G95*K95 -> 0 | O95: =H95*K95 -> 18447.175 | P95: =L95-O95 -> -0.0049 | Q95: =O95/$L$181 -> 0.003242515
A96: 03.01.06.02 | B96: 00004/ORSE | C96: LIMPEZA MECANIZADA DO TERRENO C/ TRATOR ESTEIRA (VEGETAÇÃO RASTEIRA) INCLUSIVE CARGA E TRANSPORTE - DMT ATÉ 1 KM | D96: M2 | E96: 22774.29 | F96: 22774.286 | H96: =F96+G96 -> 22774.286 | I96: =E96-H96 -> 0.003975 | J96: 3.97 | K96: =TRUNC(J96*1.2211,2) -> 4.84 | L96: =O96 -> 110227.54 | M96: =F96*K96 -> 110227.54 | N96: =G96*K96 -> 0 | O96: =H96*K96 -> 110227.54 | P96: =L96-O96 -> 0 | Q96: =O96/$L$181 -> 0.019375025
A97: 03.01.06.03 | B97: 5501710 | C97: Escavação, carga e transporte em material de 1ª categoria - DMT de 50 m (SICRO 5501710) | D97: M3 | E97: 3041.59 | F97: 3041.59 | H97: =F97+G97 -> 3041.59 | I97: =E97-H97 -> 0 | J97: 2.83 | K97: =TRUNC(J97*1.2211,2) -> 3.45 | L97: =E97*K97 -> 10493.486 | M97: =F97*K97 -> 10493.486 | N97: =G97*K97 -> 0 | O97: =H97*K97 -> 10493.486 | P97: =L97-O97 -> 0 | Q97: =O97/$L$181 -> 0.0018444713
A98: 03.01.06.04 | B98: 5501875 | C98: Escavação, carga e transporte de material de 1ª categoria - DMT de 50 a 200 m - caminho de serviço em leito natural - com carregadeira e caminhão basculante de 14 m³ (SICRO 5501875 JULHO/2022) | D98: M3 | E98: 8400.9 | F98: 8400.9 | H98: =F98+G98 -> 8400.9 | I98: =E98-H98 -> 0 | J98: 9.16 | K98: =TRUNC(J98*1.2211,2) -> 11.18 | L98: =TRUNC(E98*K98,2) -> 93922.06 | M98: =F98*K98 -> 93922.062 | N98: =G98*K98 -> 0 | O98: =H98*K98 -> 93922.062 | P98: =L98-O98 -> -0.002 | Q98: =O98/$L$181 -> 0.016508961
A99: 03.01.06.05 | B99: 02533/ORSE | C99: ESPALHAMENTO DE MATERIAL DE 1ª CATEGORIA C/ TRATOR ESTEIRA CAT - D-6 OU SIMILAR | D99: M3 | E99: 6825.83 | F99: 6825.83 | H99: =F99+G99 -> 6825.83 | I99: =E99-H99 -> 0 | J99: 0.34 | K99: =TRUNC(J99*1.2211,2) -> 0.41 | L99: =TRUNC(E99*K99,2) -> 2798.59 | M99: =F99*K99 -> 2798.5903 | N99: =G99*K99 -> 0 | O99: =H99*K99 -> 2798.5903 | P99: =L99-O99 -> -0.0003 | Q99: =O99/$L$181 -> 0.00049191657
A100: 03.01.06.06 | B100: 04986/ORSE | C100: Carga mecânica de material de 1ª categoria | D100: M3 | E100: 6001.66 | F100: 6001.66 | H100: =F100+G100 -> 6001.66 | I100: =E100-H100 -> 0 | J100: 0.99 | K100: =TRUNC(J100*1.2211,2) -> 1.2 | L100: =TRUNC(E100*K100,2) -> 7201.99 | M100: =F100*K100 -> 7201.992 | N100: =G100*K100 -> 0 | O100: =H100*K100 -> 7201.992 | P100: =L100-O100 -> -0.002 | Q100: =O100/$L$181 -> 0.0012659156
A101: 03.01.06.07 | B101: 5915320 | C101: Transporte de material de 1º cat com caminhão basculante, revestimento primário (SICRO 5915320) | D101: t.km | E101: 13503.73 | F101: 13503.73 | H101: =F101+G101 -> 13503.73 | I101: =E101-H101 -> 0 | J101: 0.67 | K101: =TRUNC(J101*1.2211,2) -> 0.81 | L101: =TRUNC(E101*K101,2) -> 10938.02 | M101: =F101*K101 -> 10938.021 | N101: =G101*K101 -> 0 | O101: =H101*K101 -> 10938.021 | P101: =L101-O101 -> -0.0013 | Q101: =O101/$L$181 -> 0.0019226087
A102: 03.01.07 | C102: LOTE 11 | L102: =SUM(L103:L109) -> 302759.76 | M102: =SUM(M103:M109) -> 31413.354 | N102: =SUM(N103:N109) -> 0 | O102: =SUM(O103:O109) -> 31413.354 | P102: =SUM(P103:P109) -> 271346.41 | Q102: =O102/$L$181 -> 0.005521619
A103: 03.01.07.01 | B103: 02548/ORSE | C103: LOCAÇÃO DE SERVIÇOS DE TERRAPLENAGEM DE OBRAS CIVIS | D103: M2 | E103: 17760.96 | F103: 17760.95 | H103: =F103+G103 -> 17760.95 | I103: =E103-H103 -> 0.01 | J103: 0.67 | K103: =TRUNC(J103*1.2211,2) -> 0.81 | L103: =TRUNC(E103*K103,2) -> 14386.37 | M103: =F103*K103 -> 14386.37 | N103: =G103*K103 -> 0 | O103: =H103*K103 -> 14386.37 | P103: =L103-O103 -> 0.0005 | Q103: =O103/$L$181 -> 0.0025287351
...

Sheet ADM LOCAL
A1: NOVATEC Construções e Empeendimentos Ltda. Rua José de Alencar, nº 916 sala 703 Ilha do Leite Recife-PE CNPJ : 00.338.885/0001-33
A4: Execução das obras e serviços de terraplenagem, drenagem e pavimentação de vias do Distrito Industrial do Município de São Cristóvão/SE.
A5: MEMÓRIA DE CÁLCULO - ADMINISTRAÇÃO LOCAL
A6: Entidade: | B6: Prefeitura Municipal de São Cristóvão | C6: BM Nº: | D6: ='BOLETIM DE MEDIÇÃO'!G7 -> 14
A7: CONTRATO: | B7: 076/2023 | C7: Período | D7: ='BOLETIM DE MEDIÇÃO'!G8 -> 10/08/2026 a31/08/2026
B10: Total da Obra | C10: =RESUMO!C21 -> 5689156.4
B11: ADM LOCAL | C11: =RESUMO!C15 -> 197044.94
B12: TOTAL DA OBRA SEM ADM LOCAL | C12: =C10-C11 -> 5492111.4
B13: ADM LOCAL / (TOTAL DA OBRA SEM ADM LOCAL) | C13: =C11/C12 -> 0.035877812
B15: ADM LOCAL - MEDIÇÃO
B16: MEDIÇÃO DO PERÍODO (SEM ADM) | C16: ='BOLETIM DE MEDIÇÃO'!N181-'BOLETIM DE MEDIÇÃO'!N13 -> 484375.61
B17: ADM LOCAL (PERÍODO) | C17: =C16/C12 -> 0.088194788

Sheet MEMORIA LIMPEZA 
A1: NOVATEC Construções e Empeendimentos Ltda. Rua José de Alencar, nº 916 sala 703 Ilha do Leite Recife-PE CNPJ : 00.338.885/0001-33
A4: Execução das obras e serviços de terraplenagem, drenagem e pavimentação de vias do Distrito Industrial do Município de São Cristóvão/SE.
A5: MEMÓRIA DE CÁLCULO LIMPEZA
A6: Entidade: | B6: Prefeitura Municipal de São Cristóvão | C6: BM Nº: | D6: ='BOLETIM DE MEDIÇÃO'!G7 -> 14
A7: CONTRATO: | B7: 076/2023 | C7: Período | D7: ='BOLETIM DE MEDIÇÃO'!G8 -> 10/08/2026 a31/08/2026
G8: 15/10 A 14/11/2024
A35: QUADRO DE ÁREAS
A36: LOTE 06 | B36: 13451.38 | C36: Efetuada a limpeza da área no período
A37: LOTE 07 | B37: 12171.83 | C37: Efetuada a limpeza da área no período
A38: LOTE 08 | B38: 13142.09 | C38: Efetuada a limpeza da área no período
A39: LOTE 09 | B39: =9774.71*0.7 -> 6842.297 | C39: Efetuada a limpeza da área no período
A40: LOTE 10 | B40: 9774.707 | C40: Efetuada a limpeza da área no período

Sheet LOTE 06
D1: CÁLCULO DE VOLUME E.00+0,00m Á E.08+10,00m TERRAPLENAGEM - LOTE 06 DISTRITO INDUSTRIAL - SÃO CRISTOVÃO
A2: PROJETO: | C2: RODOVIA CARLOS PINA - SÃO CRISTOVÃO
A3: SERVIÇO: | C3: SEÇOES TRANSVERSAIS | F3: LOCAL: | G3: SÃO CRISTOVÃO - ARACAJU-SE
A4: DATA: | C4: 06 DE MARÇO 2025 | F4: MATERIAL: | G4: LOCAL
A5: ESTACA | C5: ÁREAS m2 | E5: DISTÂNCIA | F5: VOL.m3 | H5: VOLUME ACUMULADO m3
C6: CORTE | D6: ATERRO | F6: CORTE | G6: ATERRO | H6: CORTE | I6: ATERRO
A7: 00+00,00 | C7: 0 | D7: 11.95 | E7: 0 | F7: =E7*C7 -> 0 | G7: =F7*D7 -> 0 | H7: =F7 -> 0 | I7: =G7 -> 0
A8: 00+10,00 | C8: 21.1 | D8: 18.36 | E8: 10 | F8: =E8*C8 -> 211 | G8: =D8*E8 -> 183.6 | H8: =H7+F8 -> 211 | I8: =I7+G8 -> 183.6
A9: 01+00,00 | C9: 18.17 | D9: 21.64 | E9: 10 | F9: =E9*C9 -> 181.7 | G9: =D9*E9 -> 216.4 | H9: =H8+F9 -> 392.7 | I9: =I8+G9 -> 400
A10: 01+10,00 | C10: 15.29 | D10: 15.25 | E10: 10 | F10: =E10*C10 -> 152.9 | G10: =D10*E10 -> 152.5 | H10: =H9+F10 -> 545.6 | I10: =I9+G10 -> 552.5
A11: 02+00,00 | C11: 14.18 | D11: 2.18 | E11: 10 | F11: =E11*C11 -> 141.8 | G11: =D11*E11 -> 21.8 | H11: =H10+F11 -> 687.4 | I11: =I10+G11 -> 574.3
A12: 02+10,00 | C12: 18.22 | D12: 2.78 | E12: 10 | F12: =E12*C12 -> 182.2 | G12: =D12*E12 -> 27.8 | H12: =H11+F12 -> 869.6 | I12: =I11+G12 -> 602.1
A13: 03+00,00 | C13: 15.12 | D13: 0.56 | E13: 10 | F13: =E13*C13 -> 151.2 | G13: =D13*E13 -> 5.6 | H13: =H12+F13 -> 1020.8 | I13: =I12+G13 -> 607.7
A14: 03+10,00 | C14: 18.14 | D14: 1.123 | E14: 10 | F14: =E14*C14 -> 181.4 | G14: =D14*E14 -> 11.23 | H14: =H13+F14 -> 1202.2 | I14: =I13+G14 -> 618.93
A15: 04+00,00 | C15: 11.65 | D15: 0.28 | E15: 10 | F15: =E15*C15 -> 116.5 | G15: =D15*E15 -> 2.8 | H15: =H14+F15 -> 1318.7 | I15: =I14+G15 -> 621.73
A16: 04+10,00 | C16: 16.98 | D16: 2.35 | E16: 10 | F16: =E16*C16 -> 169.8 | G16: =D16*E16 -> 23.5 | H16: =H15+F16 -> 1488.5 | I16: =I15+G16 -> 645.23
A17: 05+00,00 | C17: 11.9 | D17: 8.07 | E17: 10 | F17: =E17*C17 -> 119 | G17: =D17*E17 -> 80.7 | H17: =H16+F17 -> 1607.5 | I17: =I16+G17 -> 725.93
A18: 05+10,00 | C18: 15.06 | D18: 12.37 | E18: 10 | F18: =E18*C18 -> 150.6 | G18: =D18*E18 -> 123.7 | H18: =H17+F18 -> 1758.1 | I18: =I17+G18 -> 849.63
A19: 06+00,00 | C19: 22.01 | D19: 18.01 | E19: 10 | F19: =E19*C19 -> 220.1 | G19: =D19*E19 -> 180.1 | H19: =H18+F19 -> 1978.2 | I19: =I18+G19 -> 1029.73
... A24: 08+10,00 | C24: 21.68 | D24: 15.98 | E24: 10 | F24: =E24*C24 -> 216.8 | G24: =D24*E24 -> 159.8 | H24: =H23+F24 -> 3006.4 | I24: =I23+G24 -> 2039.63
F25: VOLUME TOTAL CORTE | H25: =H24 -> 3006.4 | I25: ----
F26: VOLUME TOTAL ATERRO | I26: =I24 -> 2039.63

Sheet LOTE 07
D1: CÁLCULO DE VOLUME E.00+0,00m Á E.07+10,00m TERRAPLENAGEM - LOTE 07 DISTRITO INDUSTRIAL - SÃO CRISTOVÃO
A2: PROJETO: | C2: RODOVIA CARLOS PINA - SÃO CRISTOVÃO
A3: SERVIÇO: | C3: SEÇOES TRANSVERSAIS | F3: LOCAL: | G3: SÃO CRISTOVÃO - ARACAJU-SE
A4: DATA: | C4: 06 DE MARÇO 2025 | F4: MATERIAL: | G4: LOCAL
A5: ESTACA | C5: ÁREAS m2 | E5: DISTÂNCIA | F5: VOL.m3 | H5: VOLUME ACUMULADO m3
C6: CORTE | D6: ATERRO | F6: CORTE | G6: ATERRO | H6: CORTE | I6: ATERRO
A7: 00+00,00 | C7: 12.38 | D7: 1.57 | E7: 0 | F7: =E7*C7 -> 0 | G7: =D7*E7 -> 0 | H7: =F7 -> 0 | I7: =G7 -> 0
A8: 00+10,00 | C8: 15.16 | D8: 0 | E8: 10 | F8: =E8*C8 -> 151.6 | G8: =D8*E8 -> 0 | H8: =H7+F8 -> 151.6 | I8: =I7+G8 -> 0
A9: 01+00,00 | C9: 18.34 | D9: 0 | E9: 10 | F9: =E9*C9 -> 183.4 | G9: =D9*E9 -> 0 | H9: =H8+F9 -> 335 | I9: =I8+G9 -> 0
A10: 01+10,00 | C10: 24.87 | D10: 0 | E10: 10 | F10: =E10*C10 -> 248.7 | G10: =D10*E10 -> 0 | H10: =H9+F10 -> 583.7 | I10: =I9+G10 -> 0
A11: 02+00,00 | C11: 22.49 | D11: 0 | E11: 10 | F11: =E11*C11 -> 224.9 | G11: =D11*E11 -> 0 | H11: =H10+F11 -> 808.6 | I11: =I10+G11 -> 0
A12: 02+10,00 | C12: 26.51 | D12: 0 | E12: 10 | F12: =E12*C12 -> 265.1 | G12: =D12*E12 -> 0 | H12: =H11+F12 -> 1073.7 | I12: =I11+G12 -> 0
A13: 03+00,00 | C13: 26.63 | D13: 0 | E13: 10 | F13: =E13*C13 -> 266.3 | G13: =D13*E13 -> 0 | H13: =H12+F13 -> 1340 | I13: =I12+G13 -> 0
A14: 03+10,00 | C14: 18.79 | D14: 0 | E14: 10 | F14: =E14*C14 -> 187.9 | G14: =D14*E14 -> 0 | H14: =H13+F14 -> 1527.9 | I14: =I13+G14 -> 0
A15: 04+00,00 | C15: 13.63 | D15: 0 | E15: 10 | F15: =E15*C15 -> 136.3 | G15: =D15*E15 -> 0 | H15: =H14+F15 -> 1664.2 | I15: =I14+G15 -> 0
A16: 04+10,00 | C16: 29.52 | D16: 0 | E16: 10 | F16: =E16*C16 -> 295.2 | G16: =D16*E16 -> 0 | H16: =H15+F16 -> 1959.4 | I16: =I15+G16 -> 0
A17: 05+00,00 | C17: 35.15 | D17: 2.58 | E17: 10 | F17: =E17*C17 -> 351.5 | G17: =D17*E17 -> 25.8 | H17: =H16+F17 -> 2310.9 | I17: =I16+G17 -> 25.8
A18: 05+10,00 | C18: 10.88 | D18: 0 | E18: 10 | F18: =E18*C18 -> 108.8 | G18: =D18*E18 -> 0 | H18: =H17+F18 -> 2419.7 | I18: =I17+G18 -> 25.8
A19: 06+00,00 | C19: 8.01 | D19: 11.48 | E19: 10 | F19: =E19*C19 -> 80.1 | G19: =D19*E19 -> 114.8 | H19: =H18+F19 -> 2499.8 | I19: =I18+G19 -> 140.6
... A22: 07+10,00 | C22: 9.1 | D22: 11.56 | E22: 10 | F22: =E22*C22 -> 91 | G22: =D22*E22 -> 115.6 | H22: =H21+F22 -> 2753.7 | I22: =I21+G22 -> 407.6
F23: VOLUME TOTAL CORTE | H23: =H22 -> 2753.7 | I23: ----
F24: VOLUME TOTAL ATERRO | I24: =I22 -> 407.6

Sheet LOTE 08
D1: CÁLCULO DE VOLUME E.00+0,00m Á E.04+10,00m TERRAPLENAGEM - LOTE 08 DISTRITO INDUSTRIAL - SÃO CRISTOVÃO
A2: PROJETO: | C2: RODOVIA CARLOS PINA - SÃO CRISTOVÃO | F2: LOTE 08
A3: SERVIÇO: | C3: SEÇOES TRANSVERSAIS | F3: LOCAL: | G3: SÃO CRISTOVÃO - ARACAJU-SE
A4: DATA: | C4: 05 DE DEZEMBRO 2024 | F4: MATERIAL: | G4: LOCAL
A5: ESTACA | C5: ÁREAS m2 | E5: DISTÂNCIA | F5: VOL.m3 | H5: VOLUME ACUMULADO m3
C6: CORTE | D6: ATERRO | F6: CORTE | G6: ATERRO | H6: CORTE | I6: ATERRO
A7: 00+00,00 | C7: 0 | D7: 0 | E7: 0 | F7: =E7*C7 -> 0 | G7: =E7*D7 -> 0 | H7: =F7 -> 0 | I7: =G7 -> 0
A8: 00+10,00 | C8: 13.92 | D8: 0 | E8: 10 | F8: =E8*C8 -> 139.2 | G8: =E8*D8 -> 0 | H8: =H7+F8 -> 139.2 | I8: =I7+G8 -> 0
A9: 01+00,00 | C9: 14.71 | D9: 0 | E9: 10 | F9: =E9*C9 -> 147.1 | G9: =E9*D9 -> 0 | H9: =H8+F9 -> 286.3 | I9: =I8+G9 -> 0
A10: 01+10,00 | C10: 12.34 | D10: 0 | E10: 10 | F10: =E10*C10 -> 123.4 | G10: =E10*D10 -> 0 | H10: =H9+F10 -> 409.7 | I10: =I9+G10 -> 0
A11: 02+00,00 | C11: 17.53 | D11: 3.18 | E11: 10 | F11: =E11*C11 -> 175.3 | G11: =E11*D11 -> 31.8 | H11: =H10+F11 -> 585 | I11: =I10+G11 -> 31.8
A12: 02+10,00 | C12: 20.3 | D12: 2.89 | E12: 10 | F12: =E12*C12 -> 203 | G12: =E12*D12 -> 28.9 | H12: =H11+F12 -> 788 | I12: =I11+G12 -> 60.7
A13: 03+00,00 | C13: 19.63 | D13: 4.38 | E13: 10 | F13: =E13*C13 -> 196.3 | G13: =E13*D13 -> 43.8 | H13: =H12+F13 -> 984.3 | I13: =I12+G13 -> 104.5
A14: 03+10,00 | C14: 17.69 | D14: 3.42 | E14: 10 | F14: =E14*C14 -> 176.9 | G14: =E14*D14 -> 34.2 | H14: =H13+F14 -> 1161.2 | I14: =I13+G14 -> 138.7
A15: 04+00,00 | C15: 13.44 | D15: 2.62 | E15: 10 | F15: =E15*C15 -> 134.4 | G15: =E15*D15 -> 26.2 | H15: =H14+F15 -> 1295.6 | I15: =I14+G15 -> 164.9
A16: 04+10,00 | C16: 0.77 | D16: 9.29 | E16: 10 | F16: =E16*C16 -> 7.7 | G16: =E16*D16 -> 92.9 | H16: =H15+F16 -> 1303.3 | I16: =I15+G16 -> 257.8
F17: VOLUME TOTAL CORTE | H17: =H16 -> 1303.3 | I17: ----
F18: VOLUME TOTAL ATERRO | I18: =I16 -> 257.8

Sheet LOTE 09 E 10
D1: CÁLCULO DE VOLUME E.00+0,00m Á E.04+10,00m TERRAPLENAGEM - LOTE 09 DISTRITO INDUSTRIAL - SÃO CRISTOVÃO
A2: PROJETO: | C2: RODOVIA CARLOS PINA - SÃO CRISTOVÃO | F2: LOTE 09 E LOTE 10
A3: SERVIÇO: | C3: SEÇOES TRANSVERSAIS | F3: LOCAL: | G3: SÃO CRISTOVÃO - ARACAJU-SE
A4: DATA: | C4: 05 DE DEZEMBRO 2024 | F4: MATERIAL: | G4: LOCAL
A5: ESTACA | C5: ÁREAS m2 | E5: DISTÂNCIA | F5: VOL.m3 | H5: VOLUME ACUMULADO m3
C6: CORTE | D6: ATERRO | F6: CORTE | G6: ATERRO | H6: CORTE | I6: ATERRO
A7: 00+00,00 | C7: 2.68 | D7: 33.97 | E7: 0 | F7: =E7*C7 -> 0 | G7: =E7*D7 -> 0 | H7: =F7 -> 0 | I7: =G7 -> 0
A8: 00+10,00 | C8: 0.96 | D8: 53.1 | E8: 10 | F8: =E8*C8 -> 9.6 | G8: =E8*D8 -> 531 | H8: =H7+F8 -> 9.6 | I8: =I7+G8 -> 531
A9: 01+00,00 | C9: 1.21 | D9: 45.81 | E9: 10 | F9: =E9*C9 -> 12.1 | G9: =E9*D9 -> 458.1 | H9: =H8+F9 -> 21.7 | I9: =I8+G9 -> 989.1
A10: 01+10,00 | C10: 1.41 | D10: 26.53 | E10: 10 | F10: =E10*C10 -> 14.1 | G10: =E10*D10 -> 265.3 | H10: =H9+F10 -> 35.8 | I10: =I9+G10 -> 1254.4
A11: 02+00,00 | C11: 7.06 | D11: 14 | E11: 10 | F11: =E11*C11 -> 70.6 | G11: =E11*D11 -> 140 | H11: =H10+F11 -> 106.4 | I11: =I10+G11 -> 1394.4
A12: 02+10,00 | C12: 16.24 | D12: 6.68 | E12: 10 | F12: =E12*C12 -> 162.4 | G12: =E12*D12 -> 66.8 | H12: =H11+F12 -> 268.8 | I12: =I11+G12 -> 1461.2
A13: 03+00,00 | C13: 24.09 | D13: 2.84 | E13: 10 | F13: =E13*C13 -> 240.9 | G13: =E13*D13 -> 28.4 | H13: =H12+F13 -> 509.7 | I13: =I12+G13 -> 1489.6
A14: 03+10,00 | C14: 27.29 | D14: 5.38 | E14: 10 | F14: =E14*C14 -> 272.9 | G14: =E14*D14 -> 53.8 | H14: =H13+F14 -> 782.6 | I14: =I13+G14 -> 1543.4
A15: 04+00,00 | C15: 22.42 | D15: 37.14 | E15: 10 | F15: =E15*C15 -> 224.2 | G15: =E15*D15 -> 371.4 | H15: =H14+F15 -> 1006.8 | I15: =I14+G15 -> 1914.8
A16: 04+10,00 | C16: 0 | D16: 33.34 | E16: 10 | F16: =E16*C16 -> 0 | G16: =E16*D16 -> 333.4 | H16: =H15+F16 -> 1006.8 | I16: =I15+G16 -> 2248.2
F17: VOLUME TOTAL CORTE | H17: =H16 -> 1006.8 | I17: ----
F18: VOLUME TOTAL ATERRO | I18: =I16 -> 2248.2
